 Dungeon Crawl Stone Soup version 0.29-a0-100-g60f898f876 (webtiles) character file.

Game seed: 12171245830532595182

22 cyrus the Poker (level 2, -1/24 HPs)
             Began as a Merfolk Fighter on Feb 14, 2022.
             Slain by a hobgoblin (3 damage)
             ... on level 2 of the Dungeon.
             The game lasted 00:04:03 (1405 turns).

cyrus the Poker (Merfolk Fighter)                   Turns: 1405, Time: 00:04:03

Health: -1/24      AC:  6    Str: 16    XL:     2   Next: 91%
Magic:  2/2        EV:  9    Int:  7    God:
Gold:   65         SH:  4    Dex: 13    Spells: 1/1 levels left

rFire   . . .      SeeInvis .   a - +0 trident
rCold   . . .      Faith    .   c - +0 buckler
rNeg    . . .      Spirit   .   b - +0 scale mail
rPois   .          Reflect  .   (no helmet)
rElec   .          Harm     .   (no cloak)
rCorr   .          Rampage  .   (no gloves)
Will    .....                   (no boots)
Stlth   ..........              (no amulet)
HPRegen 0.08/turn               (no ring)
MPRegen 0.08/turn               (no ring)

@: no status effects
A: (nimble swimmer 2), mertail
a: no special abilities


You were on level 2 of the Dungeon.
You visited 1 branch of the dungeon, and saw 2 of its levels.

You collected 65 gold pieces.

Inventory:

Hand Weapons
 a - a +0 trident (weapon)
Missiles
 e - a throwing net (quivered)
Armour
 b - a +0 scale mail (worn)
 c - a +0 buckler (worn)
Jewellery
 g - a ring of protection from cold
Scrolls
 f - 2 scrolls of identify {unknown}
 i - a scroll of noise {unknown}
 j - a scroll of enchant armour {unknown}
Potions
 h - a potion of resistance {unknown}


   Skills:
 + Level 3.5 Fighting
 + Level 3.6 Polearms
 + Level 2.3 Armour
 + Level 0.6 Dodging
 + Level 3.2 Shields


You had one spell level left.
You didn't know any spells.
Your spell library was empty.

Dungeon Overview and Level Annotations

Branches:
Dungeon (2/15)

Altars:


Innate Abilities, Weirdness & Mutations

((You are very nimble when in or above water. (Stealth+, EV+, Speed+++)))
Your lower body shifts to a powerful aquatic tail in water.


Message History

You are frozen.
A hobgoblin comes into view.
The endoplasm hits you but does no damage.
The endoplasm hits you but does no damage.
The endoplasm freezes you.
You are frozen.
You hit the hobgoblin but do no damage. The hobgoblin barely misses you.
The endoplasm freezes you.
You are frozen.
The hobgoblin closely misses you. You block the endoplasm's attack.
You block the hobgoblin's attack.
The hobgoblin hits you but does no damage.
You barely miss the hobgoblin. The endoplasm freezes you.
You are frozen.
The hobgoblin hits you.
You barely miss the hobgoblin.
The endoplasm hits you but does no damage.
The hobgoblin hits you but does no damage.
You barely miss the hobgoblin. You block the endoplasm's attack.
The hobgoblin hits you.
* * * LOW HITPOINT WARNING * * *
You barely miss the hobgoblin. The endoplasm hits you.
* * * LOW HITPOINT WARNING * * *
The hobgoblin hits you but does no damage.
You barely miss the hobgoblin. The endoplasm freezes you.
You are frozen.
* * * LOW HITPOINT WARNING * * *
The hobgoblin completely misses you. The endoplasm freezes you.
You are frozen.
* * * LOW HITPOINT WARNING * * *
You hit the endoplasm.
The endoplasm is heavily wounded.
The hobgoblin hits you but does no damage.
The endoplasm hits you but does no damage.
The hobgoblin misses you.
You puncture the endoplasm!
You kill the endoplasm!
The hobgoblin hits you.
You die...

#### ###########..#
.............##
.......@......#
.......g......# #
........#####.#.#####
........# ##.#......
......... #.........
........# #..#######
##....... #.........
###########†########
................


You could see a hobgoblin.

Vanquished Creatures
  A ball python (D:1)
  An endoplasm (D:2)
  A giant cockroach (D:1)
  6 goblins (D:1)
  A hobgoblin (D:2)
  3 jackals (D:2)
  A kobold (D:1)
  A quokka (D:1)
  A bat (D:1)
  A frilled lizard (D:1)
  2 rats
  2 bushes (D:1)
21 creatures vanquished.

Vanquished Creatures (others)
  2 plants (D:1)
2 creatures vanquished.

Grand Total: 23 creatures vanquished

Notes
Turn   | Place    | Note
-------+----------+-------------------------------------------
     0 | D:1      | cyrus the Merfolk Fighter began the quest for the Orb.
     0 | D:1      | Reached XP level 1. HP: 18/18 MP: 1/1
   261 | D:1      | Reached XP level 2. HP: 15/24 MP: 2/2
  1405 | D:2      | Slain by a hobgoblin

Illustrated notes

Levels and vault maps discovered:
D:1:      dpeg_arrival_tiny_c, layout_rooms, serial_forest,
          infiniplex_forest_lined_room_2, infiniplex_forest_clump_cross,
          infiniplex_forest_straight_1, infiniplex_forest_clump_medium,
          infiniplex_forest_corner_1, infiniplex_forest_end_3,
          infiniplex_forest_clump_double, infiniplex_forest_corner_2,
          infiniplex_forest_clump_cross
D:2:      layout_basic, shapermc_ecumenical_altar_flowoftime, serial_curves,
          eino_curves_03, eino_curves_04

Action                   || total
-------------------------++-------
Melee: Trident           ||   286
  Use: Potion            ||     1
Armor: Scale mail        ||    60
Dodge: Dodged            ||    41
Block: Buckler           ||    25

Table legend: (Time is in decaauts)
 A = Elapsed time spent in this place.
 B = Non-inter-level travel time spent in this place.
 C = Inter-level travel time spent in this place.
 D = Time resting spent in this place.
 E = Time spent auto-exploring this place.
 F = Levels seen in this place.
 G = Mean time per level.
                   A        B        C        D        E       F      G
               +--------+--------+--------+--------+--------+-----+--------+
         Total |   1455 |   1438 |     17 |    122 |    859 |   2 |  727.5 |
       Dungeon |   1455 |   1438 |     17 |    122 |    859 |   2 |  727.5 |
               +--------+--------+--------+--------+--------+-----+--------+

Top non-repeatable levels by time:
     D:1: 1154 daAuts
     D:2: 301 daAuts
